 Dungeon Crawl Stone Soup version 0.27-a0-1416-g941b2bd30b (webtiles) character file.

Game seed: 11427337284621244634

140 blackman the Grasshopper (level 5, -2/43 HPs)
             Began as a Gnoll Warper on July 1, 2021.
             Was a Follower of Yredelemnul.
             Slain by an orc (3 damage)
             ... on level 3 of the Dungeon.
             The game lasted 00:18:03 (3808 turns).

blackman the Grasshopper (Gnoll Warper)             Turns: 3808, Time: 00:18:04

Health: -2/43      AC:  3    Str: 12    XL:     5   Next: 22%
Magic:  2/12       EV: 12    Int: 12    God:    Yredelemnul [*.....]
Gold:   60         SH:  0    Dex: 11    Spells: 9/14 levels left

rFire    . . .     SeeInvis .   a - +0 hand axe
rCold    . . .     Faith    .   (no shield)
rNeg     . . .     Spirit   .   b - +0 leather armour
rPois    .         Reflect  .   (no helmet)
rElec    .         Harm     .   (no cloak)
rCorr    .         Rampage  .   (no gloves)
Will     .....                  (no boots)
Stlth    +.........             (no amulet)
HPRegen  0.14/turn              (no ring)
MPRegen  0.13/turn              (no ring)

@: no status effects
A: fangs 1, strong nose, distributed training
a: Renounce Religion, Animate Remains


You were on level 3 of the Dungeon.
You worshipped Yredelemnul.
Yredelemnul was aware of your devotion.
You visited 1 branch of the dungeon, and saw 3 of its levels.

You collected 60 gold pieces.

Inventory:

Hand Weapons
 a - a +0 hand axe (weapon)
 g - a +1 dagger of venom
 k - a +1 flail of protection
Missiles
 d - 2 boomerangs of dispersal (quivered)
 i - 2 throwing nets
Armour
 b - a +0 leather armour (worn)
 l - a +0 scale mail
Scrolls
 c - a scroll of holy word {unknown}
 f - a scroll of brand weapon {unknown}
 h - 2 scrolls of enchant armour {unknown}
 j - a scroll of identify {unknown}
Potions
 e - a potion of lignification {unknown}


   Skills:
 + Level 4.7 Fighting
 + Level 1.4 Short Blades
 + Level 1.4 Long Blades
 + Level 4.7 Axes
 + Level 1.4 Maces & Flails
 + Level 1.4 Polearms
 + Level 1.4 Staves
 + Level 1.4 Slings
 + Level 1.4 Bows
 + Level 1.4 Crossbows
 + Level 2.9 Throwing
 + Level 2.9 Armour
 + Level 4.7 Dodging
 + Level 1.4 Stealth
 + Level 1.4 Shields
 + Level 1.4 Unarmed Combat
 + Level 5.1 Spellcasting
 + Level 1.1 Conjurations
 + Level 1.1 Hexes
 + Level 1.1 Summonings
 + Level 1.1 Necromancy
 + Level 5.5 Translocations
 + Level 1.1 Transmutations
 + Level 1.1 Fire Magic
 + Level 1.1 Ice Magic
 + Level 1.1 Air Magic
 + Level 1.1 Earth Magic
 + Level 1.1 Poison Magic
 + Level 1.5 Invocations
 + Level 1.4 Evocations


You had 9 spell levels left.
You knew the following spells:

 Your Spells              Type           Power      Damage    Failure   Level
a - Blink                 Tloc           N/A        N/A       3%          2
b - Gell's Gravitas       Tloc           8%         N/A       8%          3

Your spell library contained the following spells:

 Spells                   Type           Power      Damage    Failure   Level
 Lesser Beckoning         Tloc           8%         N/A       8%          3
 Teleport Other           Tloc           16%        N/A       8%          3
 Manifold Assault         Tloc           16%        N/A       56%         5


Dungeon Overview and Level Annotations

Branches:
Dungeon (3/15)

Altars:
Makhleb
Yredelemnul


Innate Abilities, Weirdness & Mutations

You have very sharp teeth.
Your uncanny sense of smell can sniff out nearby items.
Your experience applies equally to all skills.


Message History

The orc hits you with a +0 short sword.
You hit the orc but do no damage.
The orc is lightly wounded.
The orc completely misses you.
You hit the orc.
The orc is heavily wounded.
The orc hits you with a +0 short sword.
* * * LOW HITPOINT WARNING * * *
You hit the orc but do no damage.
The orc is heavily wounded.
The orc completely misses you.
Casting: Gell's Gravitas (dangerous; 8% risk of failure)
Confirm with . or Enter, or press ? or * to list all spells.
Aiming: Gell's Gravitas (dangerous; 8% risk of failure)
Press: ? - help, Dir - move target, f - hobgoblin
Aim: a hobgoblin (severely wounded) Gravity reorients around the hobgoblin.
The orc collides with the hobgoblin!
You kill the hobgoblin!
Yredelemnul accepts your kill. The orc barely misses you.
You hit the orc.
The orc is severely wounded.
The orc misses you.
You hit the orc.
The orc is almost dead.
The orc hits you with a +0 short sword.
* * * LOW HITPOINT WARNING * * *
You hit the orc but do no damage.
The orc is almost dead.
The orc hits you with a +0 short sword.
* * * LOW HITPOINT WARNING * * *
You completely miss the orc. Your bite misses the orc.
The orc is almost dead.
The orc hits you with a +0 short sword.
* * * LOW HITPOINT WARNING * * *
You barely miss the orc.
The orc is almost dead.
The orc hits you with a +0 short sword.
You die...
Your body rises from the dead as a mindless zombie.

##############
####............#
.......@# #^#
####.##o#######.########
#.......>.........
#.#..........#####
#.............<....
.......#.##.##>###.#
#.#....##.##.##...#.#
#.##.........####.#.# .
........#..# ##.#..


You could see an orc.

Vanquished Creatures
  An orc wizard (D:3)
  A gnoll (D:1)
  3 adders
  A worm (D:2)
  A dart slug (D:2)
  5 orcs (D:3)
  4 bats
  4 endoplasms
  5 giant cockroaches
  4 goblins
  6 hobgoblins
  7 jackals (D:2)
  7 kobolds
  3 quokkas
  4 ball pythons
  3 frilled lizards
  3 rats
62 creatures vanquished.

Vanquished Creatures (collateral kills)
  A kobold (D:2)
  A frilled lizard (D:2)
2 creatures vanquished.

Vanquished Creatures (others)
  A dart slug zombie (D:2)
  A jackal zombie (D:2)
2 creatures vanquished.

Grand Total: 66 creatures vanquished

Notes
Turn   | Place    | Note
-------+----------+-------------------------------------------
     0 | D:1      | blackman the Gnoll Warper began the quest for the Orb.
     0 | D:1      | Reached XP level 1. HP: 20/20 MP: 6/6
    83 | D:1      | HP: 1/20 [hobgoblin (3)]
   464 | D:2      | Reached XP level 2. HP: 15/26 MP: 7/7
  1092 | D:2      | Reached XP level 3. HP: 23/31 MP: 9/9
  1142 | D:2      | Reached skill level 5 in Spellcasting
  1518 | D:1      | Reached skill level 1 in Invocations
  1753 | D:1      | Reached skill level 1 in Short Blades
  1753 | D:1      | Reached skill level 1 in Long Blades
  1753 | D:1      | Reached skill level 1 in Maces & Flails
  1753 | D:1      | Reached skill level 1 in Polearms
  1753 | D:1      | Reached skill level 1 in Staves
  1753 | D:1      | Reached skill level 1 in Slings
  1753 | D:1      | Reached skill level 1 in Bows
  1753 | D:1      | Reached skill level 1 in Crossbows
  1753 | D:1      | Reached skill level 1 in Stealth
  1753 | D:1      | Reached skill level 1 in Shields
  1753 | D:1      | Reached skill level 1 in Unarmed Combat
  1753 | D:1      | Reached skill level 1 in Evocations
  1900 | D:1      | Reached XP level 4. HP: 38/38 MP: 11/11
  2066 | D:1      | Learned a level 2 spell: Blink
  2070 | D:1      | Learned a level 3 spell: Gell's Gravitas
  2429 | D:2      | Found a burning altar of Makhleb.
  2567 | D:2      | Found a faded altar of an unknown god.
  2623 | D:2      | Became a worshipper of Yredelemnul the Dark
  2623 | D:2      | Reached * piety under Yredelemnul
  2816 | D:2      | Reached skill level 1 in Conjurations
  2816 | D:2      | Reached skill level 1 in Hexes
  2816 | D:2      | Reached skill level 1 in Summonings
  2816 | D:2      | Reached skill level 1 in Necromancy
  2816 | D:2      | Reached skill level 1 in Transmutations
  2816 | D:2      | Reached skill level 1 in Fire Magic
  2816 | D:2      | Reached skill level 1 in Ice Magic
  2816 | D:2      | Reached skill level 1 in Air Magic
  2816 | D:2      | Reached skill level 1 in Earth Magic
  2816 | D:2      | Reached skill level 1 in Poison Magic
  3526 | D:3      | Reached XP level 5. HP: 40/43 MP: 12/12
  3807 | D:3      | HP: 1/43 [orc (5)]
  3808 | D:3      | Slain by an orc

Illustrated notes

Levels and vault maps discovered:
D:1:      minmay_arrival_cross, layout_rooms, chequers_avenue
D:2:      layout_loops_corners, basic_altar, ebering_ecumenical_altar_box
D:3:      layout_loops_ring, minmay_misc_feat_doors, minmay_cupped

Skill      XL: |  1  2  3  4 |
---------------+-------------+-----
Spellcasting   | 5 |  5.1
Invocations    | 1 |  1.5
Short Blades   | 1 |  1.4
Long Blades    | 1 |  1.4
Maces & Flails | 1 |  1.4
Polearms       | 1 |  1.4
Staves         | 1 |  1.4
Slings         | 1 |  1.4
Bows           | 1 |  1.4
Crossbows      | 1 |  1.4
Stealth        | 1 |  1.4
Shields        | 1 |  1.4
Unarmed Combat | 1 |  1.4
Evocations     | 1 |  1.4
Conjurations   | 1 |  1.1
Hexes          | 1 |  1.1
Summonings     | 1 |  1.1
Necromancy     | 1 |  1.1
Transmutations | 1 |  1.1
Fire Magic     | 1 |  1.1
Ice Magic      | 1 |  1.1
Air Magic      | 1 |  1.1
Earth Magic    | 1 |  1.1
Poison Magic   | 1 |  1.1
Fighting       | |  4.7
Axes           | |  4.7
Throwing       | |  2.9
Armour         | |  2.9
Dodging        | |  4.7
Translocations | |  5.5

Action                   |  1- 3 |  4- 6 || total
-------------------------+-------+-------++-------
Melee: Hand axe          |   123 |    76 ||   199
       Bite              |    11 |    10 ||    21
       Flail             |       |    18 ||    18
Throw: Boomerang         |     3 |       ||     3
 Cast: Gell's Gravitas   |       |    15 ||    15
       Blink             |       |     2 ||     2
Invok: Animate Remains   |       |     3 ||     3
  Use: Scroll            |     1 |       ||     1
 Stab: Distracted        |     1 |       ||     1
Armor: Leather armour    |    37 |    32 ||    69
       Scale mail        |       |     1 ||     1
Dodge: Dodged            |    96 |    74 ||   170

Table legend: (Time is in decaauts)
 A = Elapsed time spent in this place.
 B = Non-inter-level travel time spent in this place.
 C = Inter-level travel time spent in this place.
 D = Time resting spent in this place.
 E = Time spent auto-exploring this place.
 F = Levels seen in this place.
 G = Mean time per level.
                   A        B        C        D        E       F      G
               +--------+--------+--------+--------+--------+-----+--------+
         Total |   3826 |   3676 |    150 |   1579 |   1163 |   3 | 1275.3 |
       Dungeon |   3826 |   3676 |    150 |   1579 |   1163 |   3 | 1275.3 |
               +--------+--------+--------+--------+--------+-----+--------+

Top non-repeatable levels by time:
     D:2: 2650 daAuts
     D:1: 866 daAuts
     D:3: 309 daAuts
